 Dungeon Crawl Stone Soup version 0.24.1-14-gf8d2b509d9 (webtiles) character file.

Game seed: 18390535836357266466, levelgen mode: deterministic

3967 KlarStein the Basher (level 10, -3/63 HPs)
             Began as a Gargoyle Fighter on Dec 18, 2020.
             Was a Priest of Dithmenos.
             Slain by a komodo dragon (9 damage)
             ... on level 8 of the Dungeon.
             The game lasted 00:34:05 (6713 turns).

KlarStein the Basher (Gargoyle Fighter)             Turns: 6713, Time: 00:34:05

Health: -3/63      AC: 20    Str: 21    XL:     10   Next: 22%
Magic:  13/13      EV:  8    Int: 10    God:    Dithmenos [***...]
Gold:   401        SH: 12    Dex: 10    Spells: 9/9 levels left

rFire    . . .     SeeInvis .   p - +3 mace
rCold    . . .     Gourm    .   c - +1 shield
rNeg     + + .     Faith    .   b - +0 scale mail
rPois    ∞         Spirit   .   r - +2 hat
rElec    +         Reflect  .   (no cloak)
rCorr    .         Harm     .   (no gloves)
MR       .....                  z - +0 pair of boots
Stlth    +.........             (no amulet)
HPRegen  0.20/turn              B - ring of stealth
MPRegen  0.13/turn              m - ring of positive energy

@: wreathed by umbra
A: iridescent scales 1, clever 1, clumsy 1, negative energy resistance 1,
electricity resistance, wild magic 1, unbreathing, petrification resistance, rot
immunity, AC +7
a: Shadow Step, Renounce Religion


You were on level 8 of the Dungeon.
You worshipped Dithmenos.
Dithmenos was most pleased with you.
You were hungry.

You visited 1 branch of the dungeon, and saw 8 of its levels.

You collected 401 gold pieces.

Inventory:

Hand Weapons
 p - a +3 mace (weapon)
 s - a +1 flail of crushing
Missiles
 l - 26 poisoned darts (quivered)
 o - 3 curare-tipped darts
 E - 11 boomerangs of dispersal
Armour
 b - a +0 scale mail (worn)
 c - a +1 shield (worn)
 r - a +2 hat (worn)
 z - a +0 pair of boots (worn)
Magical Staves
 A - an uncursed staff of fire {unknown}
Jewellery
 a - the ring "Afomurec" {Fire +Fly rPois Int+4}
   (You took it off a wight on level 6 of the Dungeon)

   [ring of fire]

   It enhances your fire magic.
   It affects your intelligence (+4).
   It protects you from fire.
   It makes you vulnerable to cold.
   It protects you from poison.
   It lets you fly.
 h - an uncursed ring of wizardry
 m - a ring of positive energy (right hand)
 B - a ring of stealth (left hand)
Wands
 n - a wand of enslavement (15)
 q - a wand of digging (6)
 F - a wand of iceblast (3)
Scrolls
 i - 4 scrolls of teleportation
 j - 5 scrolls of identify
 u - a scroll of amnesia
 v - 6 scrolls of remove curse
 x - a scroll of fear
 y - a scroll of immolation {unknown}
 C - a scroll of enchant armour
 D - a scroll of magic mapping
Potions
 d - a potion of might
 e - a potion of heal wounds
 g - a potion of ambrosia
 k - 6 potions of curing
 t - a potion of magic
 w - a potion of haste
 H - a potion of cancellation {unknown}
 I - 2 potions of lignification {unknown}
Comestibles
 f - 11 rations


   Skills:
 + Level 7.4 Fighting
 * Level 8.9 Maces & Flails
 + Level 7.3 Armour
 + Level 7.5 Shields
 + Level 5.0 Invocations


You had 9 spell levels left.
You didn't know any spells.
Your spell library contained the following spells:

 Spells                   Type           Power        Failure   Level  Hunger
 Freeze                   Ice            #...         96%         1    ##.....
 Magic Dart               Conj           #...         96%         1    ##.....
 Sandblast                Erth           #.....       96%         1    ##.....
 Passwall                 Tmut/Erth      #.......     99%         2    ###....
 Searing Ray              Conj           #.....       99%         2    ###....
 Throw Frost              Conj/Ice       #.....       99%         2    ###....
 Dazzling Spray           Conj/Hex       #.....       100%        3    ####...
 Ozocubu's Armour         Chrm/Ice       #.......     100%        3    ####...
 Stone Arrow              Conj/Erth      #.....       100%        3    ####...
 Force Lance              Conj/Tloc      #.......     100%        4    #####..
 Fulminant Prism          Conj/Hex       #.........   100%        4    #####..
 Iskenderun's Mystic Bla  Conj           #.......     100%        4    #####..
 Petrify                  Tmut/Erth      #.......     100%        4    #####..
 Summon Ice Beast         Ice/Summ       #.......     100%        4    #####..
 Throw Icicle             Conj/Ice       #.......     100%        4    #####..
 Lee's Rapid Deconstruct  Erth           #.........   100%        5    ######.


Dungeon Overview and Level Annotations

Branches:
Dungeon (8/15)             Temple (0/1) D:6            Lair (0/6) D:8

Altars:
Dithmenos
Fedhas
Gozag
Kikubaaqudgha
Ru
Vehumet


Innate Abilities, Weirdness & Mutations

You are resistant to torment.
Your stone body is resilient. (AC +7)
You are immune to poison.
You resist negative energy. (rN+)
You are resistant to electric shocks. (rElec)
You can survive without breathing.
You are immune to petrification.
You are immune to rotting.
You are partially covered in iridescent scales. (AC +2)
Your mind is acute. (Int +2)
You are clumsy. (Dex -2)
Your spells are a little harder to cast, but a little more powerful.


Message History

You block the komodo dragon's attack.
You hit the komodo dragon.
The komodo dragon is moderately wounded.
You block the komodo dragon's attack.
You sock the komodo dragon!
The komodo dragon is heavily wounded.
The komodo dragon barely misses you.
You hit the komodo dragon.
The komodo dragon is heavily wounded.
You block the komodo dragon's attack.
You hit the komodo dragon.
The komodo dragon is heavily wounded.
You block the komodo dragon's attack.
You thump the komodo dragon!
The komodo dragon is almost dead.
You block the komodo dragon's attack.
You closely miss the komodo dragon.
The komodo dragon is almost dead.
The komodo dragon bites you!
You die...

..... #...#.## .....
#.....## .... #...#.##
###.### #####...
###.....###### ####.##
##..P..P...##..##......
#PPPPP.....(###.#.##.#.
#PPPPPP.P....##......#.
#PP..l@PP.....#.#.#....
#PP.>..PPPP....##.####.
#PP...PPPPPP#####†####.


##PPPPPPPPP## #..^... ########### ###.##### #.#.# #>....# #...# #.....# # ##.##
#.....# # #.# #.....# # You could see a komodo dragon.

Vanquished Creatures
  An unseen horror (D:8)
  A gargoyle (D:6)
  A hornet (D:8)
  Grum (D:8)
  A hungry ghost (D:7)
  Duvessa (D:6)
  An orc warrior (D:7)
  An ice beast (D:5)
  2 sky beasts (D:7)
  A necrophage (D:8)
  3 wolves (D:8)
  2 ogres
  A centaur (D:7)
  2 big kobolds
  3 bullfrogs (D:7)
  Blork the orc (D:6)
  Dowan (D:6)
  2 scorpions (D:6)
  3 wights (D:6)
  2 howler monkeys (D:7)
  2 crimson imps
  A quasit (D:6)
  2 hounds
  7 orc wizards
  A centaur skeleton (D:4)
  2 orc priests
  A jelly (D:6)
  5 worker ants
  A hound skeleton (D:4)
  11 adders
  7 gnolls
  An ooze (D:2)
  2 worms
  A dart slug (D:2)
  An adder simulacrum (D:8)
  2 leopard geckos
  24 orcs
  A ball python (D:2)
  6 giant cockroaches
  4 goblins
  8 hobgoblins
  10 jackals
  17 kobolds
  5 quokkas
  A ball python skeleton (D:4)
  11 bats
  5 frilled lizards
  A leopard gecko skeleton (D:5)
  2 quokka skeletons (D:8)
  8 rats
181 creatures vanquished.

Vanquished Creatures (others)
  A plant (D:8)
1 creature vanquished.

Grand Total: 182 creatures vanquished

Notes
Turn   | Place    | Note
-------+----------+-------------------------------------------
     0 | D:1      | KlarStein the Gargoyle Fighter began the quest for the Orb.
     0 | D:1      | Reached XP level 1. HP: 14/14 MP: 1/1
   137 | D:1      | Reached XP level 2. HP: 16/19 MP: 2/2
   654 | D:1      | Reached XP level 3. HP: 22/23 MP: 3/3
  1130 | D:2      | Reached skill level 3 in Maces & Flails
  1133 | D:2      | Reached XP level 4. HP: 29/29 MP: 4/4
  1180 | D:2      | Found a sacrificial altar of Ru.
  1573 | D:3      | Gained mutation: You are resistant to hostile enchantments.
                  | (MR+) [potion of mutation]
  1573 | D:3      | Gained mutation: You have an increased reservoir of magic.
                  | (+10% MP) [potion of mutation]
  1573 | D:3      | Gained mutation: Potions are less effective at restoring
                  | your health. [potion of mutation]
  1573 | D:3      | Gained mutation: You possess an exceptional clarity of
                  | mind. [potion of mutation]
  1574 | D:3      | Lost mutation: You possess an exceptional clarity of mind.
                  | [potion of mutation]
  1574 | D:3      | Lost mutation: You are resistant to hostile enchantments.
                  | (MR+) [potion of mutation]
  1574 | D:3      | Lost mutation: Potions are less effective at restoring your
                  | health. [potion of mutation]
  1574 | D:3      | Gained mutation: You are clumsy. (Dex -2) [potion of
                  | mutation]
  1574 | D:3      | Gained mutation: You have large cloven feet. [potion of
                  | mutation]
  1575 | D:3      | Lost mutation: You have an increased reservoir of magic.
                  | (+10% MP) [potion of mutation]
  1575 | D:3      | Lost mutation: You have large cloven feet. [potion of
                  | mutation]
  1575 | D:3      | Gained mutation: Scrolls take you a little longer to read.
                  | [potion of mutation]
  1575 | D:3      | Gained mutation: Your muscles are strong. (Str +2) [potion
                  | of mutation]
  1635 | D:3      | Found a faded altar of an unknown god.
  1648 | D:3      | Lost mutation: Scrolls take you a little longer to read.
                  | [potion of mutation]
  1648 | D:3      | Lost mutation: Your muscles are strong. (Str +2) [potion of
                  | mutation]
  1648 | D:3      | Gained mutation: Your spells are a little harder to cast,
                  | but a little more powerful. [potion of mutation]
  1648 | D:3      | Gained mutation: You are partially covered in iridescent
                  | scales. (AC +2) [potion of mutation]
  1648 | D:3      | Gained mutation: Your mind is acute. (Int +2) [potion of
                  | mutation]
  1731 | D:3      | Found a radiant altar of Vehumet.
  1846 | D:3      | Reached XP level 5. HP: 32/33 MP: 5/5
  1982 | D:2      | Reached skill level 4 in Maces & Flails
  2076 | D:2      | Reached XP level 6. HP: 39/39 MP: 6/6
  2128 | D:3      | Found a shadowy altar of Dithmenos.
  2149 | D:3      | Became a worshipper of Dithmenos the Shadowed
  2567 | D:4      | Reached * piety under Dithmenos
  2580 | D:4      | Reached XP level 7. HP: 30/44 MP: 7/7
  3007 | D:2      | Found an opulent altar of Gozag.
  3073 | D:5      | Entered Level 5 of the Dungeon
  3079 | D:5      | Reached skill level 5 in Maces & Flails
  3181 | D:5      | Reached skill level 5 in Armour
  3181 | D:5      | Reached skill level 5 in Shields
  3193 | D:5      | Reached skill level 5 in Fighting
  4014 | D:6      | Noticed Dowan
  4014 | D:6      | Noticed Duvessa
  4062 | D:7      | Noticed a hungry ghost
  4072 | D:7      | Reached XP level 8. HP: 44/49 MP: 8/8
  4102 | D:7      | Reached skill level 6 in Maces & Flails
  4102 | D:7      | Reached skill level 1 in Invocations
  4396 | D:7      | Reached ** piety under Dithmenos
  4665 | D:6      | Reached skill level 7 in Maces & Flails
  4699 | D:6      | Reached XP level 9. HP: 49/55 MP: 11/11
  4892 | D:6      | Noticed a gargoyle
  4913 | D:6      | Killed a gargoyle
  5097 | D:6      | Identified the ring "Afomurec" {Fire +Fly rPois Int+4}
  5133 | D:6      | Found a staircase to the Ecumenical Temple.
  5165 | D:6      | Noticed Blork the orc
  5180 | D:6      | Killed Blork the orc
  5635 | D:6      | Killed Duvessa
  5635 | D:6      | Reached skill level 8 in Maces & Flails
  5644 | D:6      | Killed Dowan
  5786 | D:8      | Found an ancient bone altar of Kikubaaqudgha.
  5786 | D:8      | Found a blossoming altar of Fedhas.
  5786 | D:8      | Noticed a centaur warrior
  5863 | D:8      | Killed an unseen horror
  6039 | D:8      | Reached XP level 10. HP: 58/63 MP: 13/13
  6044 | D:8      | Noticed Grum
  6059 | D:8      | Killed Grum
  6295 | D:8      | Reached *** piety under Dithmenos
  6677 | D:8      | Reached skill level 5 in Invocations
  6692 | D:8      | Found a staircase to the Lair.
  6694 | D:8      | Found a radiant altar of Vehumet.
  6713 | D:8      | Slain by a komodo dragon

Levels and vault maps discovered:
D:1:      doesnt_arrival_eight_statues, layout_basic
D:2:      lemuel_upstairs_altar, layout_rooms, nicolae_ru_awakened_eye
D:3:      layout_rooms, vehumet_crystals, chequers_ecumenical_altar_simple,
          first_ration, grunt_dithmenos_smoke_and_mirrors
D:4:      layout_basic, minmay_misc_feat_tower
D:5:      layout_gridville
D:6:      layout_basic, minmay_temple_entry_sparse_star,
          minmay_unpleasant_kobolds, uniq_blork_the_orc, uniq_duvessa
D:7:      layout_loops_ring, minmay_misc_feat_five
D:8:      layout_loops_cross, david_lair_shrubbed, basic_altar, grunt_pizzeria,
          jmf_multi_god_temple, uniq_grum, uniq_erica

Skill      XL: |  1  2  3  4  5  6  7  8  9 10 |
---------------+-------------------------------+-----
Maces & Flails | 3 4 5 7 8 |  8.9
Fighting       | 4 5 6 7 |  7.4
Armour         | 4 5 6 7 |  7.3
Shields        | 4 5 6 7 |  7.5
Invocations    | 3 4 5 |  5.0

Action                   |  1- 3 |  4- 6 |  7- 9 | 10-12 || total
-------------------------+-------+-------+-------+-------++-------
Melee: Flail             |   146 |    35 |       |       ||   181
       Mace              |       |   180 |   432 |    97 ||   709
Throw: Dart              |       |     5 |    10 |       ||    15
       Throwing net      |       |       |     1 |       ||     1
Evoke: Wand              |       |       |     4 |       ||     4
  Use: Scroll            |     5 |     5 |     7 |       ||    17
       Potion            |       |     4 |     2 |     1 ||     7
 Stab: Held in net/web   |       |       |     1 |       ||     1
  Eat: Chunk             |     1 |     5 |    12 |     2 ||    20
       Ration            |       |       |     3 |       ||     3
Armor: Scale mail        |    74 |   113 |   269 |    33 ||   489
Dodge: Dodged            |    43 |    58 |   125 |    18 ||   244
Block: Shield            |    75 |   102 |   207 |    68 ||   452
